 Dungeon Crawl Stone Soup version 0.30.0 (webtiles) character file.

Game seed: 8057530939622171320

77 Geoffrax the Ruffian (level 3, -3/28 HPs)
             Began as a Demigod Transmuter on Sept 23, 2023.
             Slain by a cerulean imp
             ... wielding a +2 spear
             ... summoned by Natasha
              (6 damage)
             ... on level 2 of the Dungeon.
             The game lasted 00:06:54 (1036 turns).

Geoffrax the Ruffian (Demigod Transmuter)           Turns: 1036, Time: 00:06:56

Health: -3/28      AC:  2    Str: 15    XL:     3   Next: 92%
Magic:  8/9        EV: 12    Int: 21    God:
Gold:   17         SH:  0    Dex: 14    Spells: 5/6 levels left

rFire   . .          .
                       - Unarmed
rCold   . . .        (no shield)
rNeg    . . .        a - +0 robe
rPois   .            (helmet currently unavailable)
rElec   .            (no cloak)
rCorr   .            (no gloves)
SInv    .            (boots currently unavailable)
Will    .....        (no amulet)
Stlth   ++           g - +6 ring of intelligence
HPRegen 0.24/turn    (no ring)
MPRegen 0.11/turn

%: no passive effects
@: about to teleport, appendages
A: horns 2, talons 2, high MP 1, forlorn, divine attributes
a: End Transformation


You were on level 2 of the Dungeon.
You had temporarily grown beastly horns and talons.
You visited 1 branch of the dungeon, and saw 2 of its levels.

You collected 17 gold pieces.

Inventory:

Hand Weapons
 l - a +0 dagger
Missiles
 h - 5 poisoned darts
 k - 5 boomerangs
Armour
 a - a +0 robe (worn)
Jewellery
 g - a +6 ring of intelligence (left hand)
 i - a ring of fire
Scrolls
 c - 3 scrolls of identify {unknown}
 d - 2 scrolls of fog {unknown}
 e - 3 scrolls of teleportation
 j - a scroll of poison {unknown}
 m - 2 scrolls of butterflies {unknown}
Potions
 b - a potion of lignification
 f - a potion of heal wounds {unknown}


   Skills:
 + Level 1.0 Fighting
 + Level 2.1 Dodging
 + Level 0.6 Stealth
 + Level 3.7 Unarmed Combat
 + Level 2.2 Spellcasting
 + Level 2.0 Transmutations


You had 5 spell levels left.
You knew the following spells:

 Your Spells              Type           Power      Damage    Failure   Level
a - Beastly Appendage     Tmut           20%        N/A       6%          1

Your spell library contained the following spells:

 Spells                   Type           Power      Damage    Failure   Level
 Wereblood                Tmut           10%        N/A       10%         2
 Spider Form              Tmut/Pois      6%         N/A       28%         3
 Ice Form                 Ice/Tmut       6%         N/A       67%         4


Dungeon Overview and Level Annotations

Branches:
Dungeon (2/15)

Shops:
D:1 ?

Annotations:
D:2 Natasha


Innate Abilities, Weirdness & Mutations

You have temporarily grown beastly horns and talons.
You have an increased reservoir of magic. (+10% MP)
You shall have no god before yourself.
Your divine heritage dramatically boosts your attributes as you level up.


Message History

Natasha extends her claws.
Natasha casts a spell at you. The magic dart hits you!
A goblin comes into view. It is wielding a +0 club.
Found a stone staircase leading down.
The goblin shouts!
You hear a shout!
An endoplasm comes into view.
Casting: Beastly Appendage (safe; 6% risk of failure)
Confirm with . or Enter, or press ? or * to list all spells.
Okay, then.
You see here a +0 ring mail.
A goblin comes into view. It is wielding a +0 dagger.
The goblin shouts!
Natasha casts a spell.
Casting: Beastly Appendage (safe; 6% risk of failure)
Confirm with . or Enter, or press ? or * to list all spells.
You grow a pair of large bovine horns.
Your feet morph into talons.
There are monsters nearby!
As you read the scroll labelled LAOSKY KEGUL, it crumbles to dust.
You feel strangely unstable.
It was a scroll of teleportation.
Natasha claws you!
* * * LOW HITPOINT WARNING * * *
You hit Natasha.
Natasha is lightly wounded.
The goblin closely misses you. Natasha barely misses you.
You hit Natasha. You claw Natasha. Your headbutt misses Natasha.
Natasha is severely wounded.
The cerulean imp barely misses you. The goblin barely misses you.
Natasha closely misses you.
You hit Natasha but do no damage.
Natasha is severely wounded.
The cerulean imp hits you but does no damage.
The goblin closely misses you.
You closely miss Natasha. Your kick misses Natasha.
Natasha is severely wounded.
Natasha stares at you and mumbles some strange words.
The magic dart hits you.
* * * LOW HITPOINT WARNING * * *
The cerulean imp hits you from afar with a +2 spear.
You die...

(... ##....###.... .....
#.........###
.>......#######.†###..#....
.................####..#....
.................).#........
..........#...#.............
.....$...............##...>.
..........#.##.......##.###.
.........Jg@........###.# #.
..........h##5.....## #. #.
###....###......#..# #.
###..# #......#### .....
#...###h........ .....
#...h........### .....
#...#.###5.....# .....
#....##.# #......# .....
#..#. #.# #........ .....


You could see Natasha, a cerulean imp (summoned), an endoplasm and a goblin.

Vanquished Creatures
  Natasha (D:2)
  An adder (D:2)
  6 bats
  4 endoplasms (D:1)
  2 giant cockroaches (D:1)
  A goblin (D:1)
  4 hobgoblins
  3 jackals (D:1)
  6 kobolds (D:1)
  7 ball pythons
  3 frilled lizards
  2 rats
40 creatures vanquished.

Notes
Turn   | Place    | Note
-------+----------+-------------------------------------------
     0 | D:1      | Geoffrax the Demigod Transmuter began the quest for the
                  | Orb.
     0 | D:1      | Reached XP level 1. HP: 15/15 MP: 5/5
     3 | D:1      | Noticed a ghoul
     3 | D:1      | Noticed a spriggan
     5 | D:1      | Noticed a demonspawn
     5 | D:1      | Noticed a troll
     7 | D:1      | Noticed a naga
     7 | D:1      | Noticed a draconian
     9 | D:1      | Noticed a merfolk
    11 | D:1      | Noticed a human
    11 | D:1      | Noticed a felid
    13 | D:1      | Noticed a vampire
    13 | D:1      | Noticed a meteoran
    15 | D:1      | Noticed a tengu
    15 | D:1      | Noticed an ogre
    17 | D:1      | Noticed an armataur
    19 | D:1      | Noticed a vine stalker
    19 | D:1      | Noticed a minotaur
    21 | D:1      | Noticed a formicid
    23 | D:1      | Noticed a demigod
    23 | D:1      | Noticed an elf
    25 | D:1      | Noticed an armataur
    25 | D:1      | Noticed an octopode
    27 | D:1      | Noticed a minotaur
    92 | D:1      | Reached skill level 3 in Unarmed Combat
   204 | D:1      | Reached XP level 2. HP: 19/22 MP: 4/7
   600 | D:1      | Found The Oracle's Delphic Readings.
   663 | D:1      | Reached XP level 3. HP: 27/27 MP: 8/8
   958 | D:2      | Noticed Natasha
   963 | D:2      | Reached skill level 1 in Fighting
   971 | D:2      | Killed Natasha
  1013 | D:2      | Noticed Natasha
  1036 | D:2      | Slain by a cerulean imp

Illustrated notes

Levels and vault maps discovered:
D:1:      kb_arrival_jail, layout_loops_ring, nicolae_nh_oracle_at_delphi
D:2:      layout_rooms, uniq_natasha

Skill      XL: |  1  2  3 |
---------------+----------+-----
Unarmed Combat | 3 |  3.7
Spellcasting   | 2 |  2.2
Dodging        | 2 |  2.1
Fighting       | 1 |  1.0
Transmutations | 2 |  2.0
Stealth        | |  0.6

Action                     || total
---------------------------++-------
  Melee: Unarmed           ||   121
         Kick              ||    15
         Headbutt          ||     2
         Punch             ||     1
   Cast: Beastly Appendage ||    10
    Use: Scroll            ||     1
   Stab: Sleeping          ||     2
 Armour: Robe              ||    26
  Dodge: Dodged            ||    84
